 Dungeon Crawl Stone Soup version 0.23.2-40-g277498a001 (webtiles) character file.

Game seed: 2848113192096936862

68446 Ivernyr the Earth Mage (level 14, -17/102 HPs)
             Began as a Deep Dwarf Earth Elementalist on Oct 10, 2019.
             Was a High Priest of Elyvilon.
             Hit by a large rock thrown by a cyclops (21 damage)
             ... on level 15 of the Dungeon.
             The game lasted 02:27:27 (29111 turns).

Ivernyr the Earth Mage (DDEE)                      Turns: 29111, Time: 02:27:28

Health: -17/102    AC: 15    Str: 24    XL:     14   Next: 86%
Magic:  3/36 (27)  EV: 12    Int: 34    God:    Elyvilon [*****.]
Gold:   1369       SH:  5    Dex: 14    Spells: 12/33 levels left

rFire    . . .     SeeInvis +   h - +7 quarterstaff "Ruosybur" {holy, Int+9 Dex-3 SInv}
rCold    + . .     Gourm    .   (shield currently unavailable)
rNeg     + + .     Faith    .   c - +2 scale mail "Taryg" {rC+ Int+4}
rPois    .         Spirit   .   (no helmet)
rElec    .         Reflect  +   x - +0 cloak "Xeqiopn" {Dex+4} (curse)
rCorr    .         Harm     .   R - +0 pair of gloves
MR       ++...                  f - +0 pair of boots of Pride {Str+5}
Stlth    +.........             T - +5 amulet of reflection
HPRegen  0.00/turn              U - ring "Iguyse" {rN+ Str+7}
MPRegen  0.25/turn              N - ring of magical power

@: about to teleport, non-regenerating
A: damage resistance, heal wounds, negative energy resistance 1, sense
surroundings 2, no regeneration
a: Heal Wounds, Lesser Healing, Heal Other, Purification, Greater Healing,
Divine Vigour, Divine Protection, Renounce Religion


You were on level 15 of the Dungeon.
You worshipped Elyvilon.
Elyvilon was extremely pleased with you.
You were not hungry.

You visited 2 branches of the dungeon, and saw 21 of its levels.

You collected 1369 gold pieces.

Inventory:

Hand Weapons
 h - the +7 quarterstaff "Ruosybur" (weapon) {holy, Int+9 Dex-3 SInv}
   (You found it on level 6 of the Dungeon)

   It has been blessed by the Shining One to cause great damage to the undead
   and demons.
   It affects your intelligence (+9).
   It affects your dexterity (-3).
   It lets you see invisible.
Missiles
 b - 80 stones (quivered)
Armour
 c - the +2 scale mail "Taryg" (worn) {rC+ Int+4}
   (You took it off a gnoll sergeant on level 12 of the Dungeon)

   It affects your intelligence (+4).
   It protects you from cold.
 f - the +0 pair of boots of Pride (worn) {Str+5}
   (You acquired it on level 3 of the Lair of Beasts)

   It affects your strength (+5).
 x - the cursed +0 cloak "Xeqiopn" (worn) {Dex+4}
   (You found it on level 2 of the Lair of Beasts)

   It affects your dexterity (+4).
   It has a curse placed upon it.
 R - a +0 pair of gloves (worn)
 X - the +0 buckler "Agiusuam" {rF+ Int+4 Dex+7}
   (You acquired it on level 13 of the Dungeon)

   It affects your intelligence (+4).
   It affects your dexterity (+7).
   It protects you from fire.
Jewellery
 t - a +2 ring of protection
 z - a +6 ring of slaying
 G - an uncursed ring of flight
 N - a ring of magical power (right hand)
 T - a +5 amulet of reflection (around neck)
 U - the ring "Iguyse" (left hand) {rN+ Str+7}
   (You took it off a centaur warrior on level 12 of the Dungeon)

   [ring of positive energy]

   It affects your strength (+7).
   It protects you from negative energy.
Wands
 v - a wand of iceblast (6)
 w - a wand of digging (11)
 B - a wand of acid (3)
 D - a wand of flame (79)
 I - a wand of polymorph (20)
 J - a wand of enslavement (9)
 W - a wand of paralysis (10)
Scrolls
 a - 3 scrolls of identify
 e - 7 scrolls of remove curse
 g - 6 scrolls of immolation
 i - 4 scrolls of blinking
 p - 2 scrolls of amnesia
 r - 7 scrolls of fear
 s - 2 scrolls of brand weapon
 u - 2 scrolls of teleportation
 y - 5 scrolls of enchant armour
 A - a scroll of vulnerability
 C - a scroll of noise {unknown}
 F - a scroll of fog
 H - 2 scrolls of summoning
 S - a scroll of enchant weapon
 V - a scroll of random uselessness {unknown}
Potions
 j - 4 potions of flight
 k - 7 potions of curing
 l - 2 potions of berserk rage
 m - 4 potions of agility
 n - 2 potions of cancellation {unknown}
 o - 4 potions of might
 q - 4 potions of haste
 E - a potion of magic {unknown}
 K - 2 potions of ambrosia {unknown}
 L - 3 potions of heal wounds {unknown}
 M - a potion of lignification {unknown}
 O - a potion of invisibility {unknown}
 P - 2 potions of brilliance {unknown}
 Q - a potion of mutation {unknown}
Comestibles
 d - 24 rations


   Skills:
 + Level 12.2 Armour
 - Level 4.0 Dodging
 - Level 2.4 Stealth
 - Level 3.0 Shields
 + Level 10.4 Spellcasting
 - Level 0.8 Transmutations
 * Level 20.4 Earth Magic
 + Level 14.7 Invocations


You had 12 spell levels left.
You knew the following spells:

 Your Spells              Type           Power        Failure   Level  Hunger
a - Sandblast             Erth           ######       0%          1    None
b - Passwall              Tmut/Erth      ######..     1%          2    None
c - Stone Arrow           Conj/Erth      ######       1%          3    None
d - Lee's Rapid Deconstr  Erth           ########..   1%          5    ##.....
e - Petrify               Tmut/Erth      ######..     1%          4    None
f - Iron Shot             Conj/Erth      ######....   12%         6    ####...

Your spell library contained the following spells:

 Spells                   Type           Power        Failure   Level  Hunger
 Leda's Liquefaction      Hex/Erth       ######....   1%          4    None
 Corona                   Hex            ###....      4%          1    None
 Slow                     Hex            ###.....     8%          2    None
 Bolt of Magma            Conj/Fire/Erth ######....   9%          5    ##.....
 Statue Form              Tmut/Erth      ######...    10%         6    ####...
 Inner Flame              Hex/Fire       ###.....     16%         3    None
 Portal Projectile        Hex/Tloc       ###...       16%         3    None
 Cause Fear               Hex            ###.......   45%         4    None
 Summon Lightning Spire   Summ/Air       ###.....     45%         4    None
 Irradiate                Conj/Tmut      ###.......   75%         5    ##.....
 Shatter                  Erth           ########..   75%         9    #######
 Iskenderun's Battlesphe  Conj/Chrm      ###.....     80%         5    ##.....
 Silence                  Hex/Air        ###.......   80%         5    ##.....
 Venom Bolt               Conj/Pois      ###.......   80%         5    ##.....
 Hydra Form               Tmut           ###.......   99%         6    ####...
 Conjure Ball Lightning   Conj/Air       ###.......   100%        6    ####...
 Deflect Missiles         Chrm/Air       ###.......   100%        6    ####...
 Dragon Form              Tmut           ###.......   100%        7    ######.
 Orb of Destruction       Conj           ###.......   100%        7    ######.
 Spellforged Servitor     Conj/Summ      ###.......   100%        7    ######.
 Tornado                  Air            ###.......   100%        9    #######


Dungeon Overview and Level Annotations

Branches:
Dungeon (14/15)            Temple (0/1) D:6            Lair (6/6) D:11
 Shoals (0/4) Lair:3        Snake (0/4) Lair:3        Slime (0/5) Lair:5
    Orc (0/2) D:12         Depths (0/5) D:15
 Vaults: D:13-14

Altars:
Ashenzari
Cheibriados
Elyvilon
Fedhas
Gozag
Kikubaaqudgha
Makhleb
Nemelex Xobeh
Ru
Sif Muna
Trog
Yredelemnul
The Shining One

Shops:
D:5 }   D:9 (   D:12 (

Annotations:
D:6 3 runed translucent doors, DroneFragger's ghost, novice DEIE
Lair:1 2 transporters, Feuhudo's ghost, journeyman GrEE


Innate Abilities, Weirdness & Mutations

You are resistant to damage.
You can heal yourself by infusing magical energy.
You resist negative energy. (rN+)
You passively map the area around you.
You do not regenerate.


Message History

The orc knight roars a battlecry!
The orcs go into a battle-frenzy!
You hear a shout!
A stone giant zombie comes into view.
Found a scroll of amnesia.
As you read the scroll of teleportation, it crumbles to dust.
You feel strangely unstable. The warg closely misses you.
Found a pair of gloves.
The centaur warrior skeleton is engulfed in blazing flames.
Your surroundings suddenly seem different.
The cyclops shouts!
You hear a roar!
An efreet comes into view.
It is wielding a +3 scimitar of flaming.
A cyclops comes into view.
As you read the scroll of teleportation, it crumbles to dust.
You feel strangely unstable. The efreet gestures at you.
The fireball explodes!
The fireball engulfs you!
* * * LOW HITPOINT WARNING * * *
The cyclops throws a large rock.
The large rock hits you!!
You die...

#.....h........P........., ..
#...........C...PP.......,,,,..
..z....o.#D.°...8.....P.Px. ..
.............l.............###..
.....o......C☼...)...........#.[
..............R(................
......^z......(.......#..####...
,,, ,...............#*###...## ,
, , ........@.......##......# *
,, , ...................#.....
,, ..(###......#.###. ###... ...
#....####.# #..##...# .
#....###..###...#..C.
#.....#..#.##...#.#z# , , ,
..##......u#....!.... , , ...
##....xu...##...Q. * , ,
#.....Qu#####...#


You could see 2 cyclopes, an efreet, a wyvern and an acid dragon.

Vanquished Creatures
  9 hydras
  Harold (D:11)
  A catoblepas (D:13)
  5 two-headed ogres
  3 centaur warriors
  A deep elf knight (D:12)
  A fire crab (D:12)
  4 unseen horrors
  A lindwurm (Lair:3)
  A necromancer (D:15)
  Pikel (D:5)
  3 manticores
  6 cyclopes
  2 deep elf magi
  A stone giant skeleton (D:15)
  9 ugly things
  A torpor snail (Lair:2)
  3 black mambas
  A gargoyle (D:14)
  9 spiny frogs
  3 centaur skeletons
  4 komodo dragons
  A kobold demonologist (D:11)
  A freezing wraith (D:12)
  A queen bee (shapeshifter) (D:13)
  A tengu conjurer (D:15)
  3 trolls
  10 polar bears
  8 hornets
  20 blink frogs
  A dream sheep (Lair:6)
  4 tyrant leeches (Lair:2)
  11 hippogriffs
  Sigmund (D:2)
  13 spriggans (Lair:6)
  A vampire (D:12)
  A redback (shapeshifter) (D:8)
  17 yaks
  2 wraiths
  A wyvern (D:10)
  A hungry ghost (D:8)
  2 steam dragons (D:9)
  A basilisk (Lair:3)
  A vampire mosquito (D:12)
  Menkaure (D:5)
  Edmund (D:6)
  6 swamp worms (Lair:2)
  6 nagas (Lair:3)
  A soldier ant (D:9)
  2 acid dragons
  11 water moccasins
  2 porcupines (Lair:1)
  7 sky beasts
  10 orc warriors
  6 ice beasts
  A phantom (D:13)
  14 black bears
  4 boggarts (Lair:6)
  2 necrophages
  9 ogres
  22 wolves
  8 centaurs
  13 crocodiles
  16 bullfrogs
  2 big kobolds
  A wyvern zombie (D:11)
  A gnoll sergeant (D:12)
  A scorpion (D:7)
  22 killer bees
  14 wights
  3 electric eels (Lair:3)
  7 howler monkeys
  2 bullfrog zombies
  6 crimson imps
  2 centaur zombies
  5 hounds
  Crazy Yiuf (D:5)
  3 jellies
  6 orc priests
  12 orc wizards
  An iron imp (D:9)
  Jessica (D:2)
  2 bullfrog skeletons
  3 iguanas
  11 worker ants
  3 hound skeletons
  2 hound zombies
  A worker ant zombie (D:9)
  14 adders
  3 shadow imps
  5 oozes
  An adder skeleton (D:9)
  An adder zombie (D:6)
  2 worms (D:3)
  3 dart slugs
  2 leopard geckos
  51 orcs
  10 bats
  12 giant cockroaches
  18 goblins
  8 hobgoblins
  32 jackals
  4 quokkas
  6 frilled lizards
  A jackal zombie (D:5)
  19 kobolds
  A quokka zombie (D:7)
  12 rats
  2 fungi
  2 plants
635 creatures vanquished.

Vanquished Creatures (others)
  The ghost of Glamhuggeren the Spear-Bearer, a journeyman NaFi of Cheibriados (Lair:2)
  A hydra (Lair:2)
  2 spiny frogs
  A rime drake (Lair:6)
  A basilisk (D:15)
  2 wolves (Lair:6)
  A centaur (D:12)
  A leopard gecko (D:5)
  14 fungi
  14 plants
38 creatures vanquished.

Grand Total: 673 creatures vanquished

Notes
Turn   | Place    | Note
-------+----------+-------------------------------------------
     0 | D:1      | Ivernyr the Deep Dwarf Earth Elementalist began the quest
                  | for the Orb.
     0 | D:1      | Reached XP level 1. HP: 15/15 MP: 3/3
   107 | D:1      | Reached XP level 2. HP: 19/22 MP: 1/4
   111 | D:1      | Learned a level 2 spell: Passwall
   546 | D:1      | Reached XP level 3. HP: 24/28 MP: 4/6
   557 | D:1      | Reached skill level 5 in Earth Magic
   690 | D:1      | Learned a level 3 spell: Stone Arrow
  1234 | D:2      | Found an ancient bone altar of Kikubaaqudgha.
  1533 | D:2      | Reached XP level 4. HP: 29/36 MP: 3/7
  1648 | D:2      | Noticed Jessica
  1654 | D:2      | Killed Jessica
  1948 | D:2      | Found a white marble altar of Elyvilon.
  1954 | D:2      | Noticed Sigmund
  1961 | D:2      | Killed Sigmund
  1961 | D:2      | Reached skill level 6 in Earth Magic
  1961 | D:2      | Reached XP level 5. HP: 26/42 MP: 2/9
  1966 | D:2      | Became a worshipper of Elyvilon the Healer
  2247 | D:2      | Reached XP level 6. HP: 31/49 MP: 4/10
  2449 | D:2      | Reached skill level 7 in Earth Magic
  2677 | D:3      | Found a shattered altar of Ashenzari.
  3366 | D:3      | Reached skill level 1 in Invocations
  3562 | D:3      | Reached * piety under Elyvilon
  3614 | D:3      | Reached skill level 1 in Armour
  3703 | D:3      | Found a sacrificial altar of Ru.
  3859 | D:3      | Found a shattered altar of Ashenzari.
  4514 | D:4      | Reached XP level 7. HP: 55/55 MP: 9/12
  4923 | D:5      | Entered Level 5 of the Dungeon
  4998 | D:5      | Reached skill level 8 in Earth Magic
  5483 | D:5      | Found Onwury's Gadget Emporium.
  5485 | D:5      | Reached ** piety under Elyvilon
  5485 | D:5      | Noticed Menkaure
  5491 | D:5      | Noticed Pikel
  5493 | D:5      | Killed Menkaure
  5493 | D:5      | Reached skill level 9 in Earth Magic
  5493 | D:5      | Reached XP level 8. HP: 31/62 MP: 4/14
  5506 | D:5      | You fall through a shaft for 3 floors!
  5736 | D:7      | Found a glowing golden altar of the Shining One.
  5993 | D:7      | Reached skill level 10 in Earth Magic
  6006 | D:7      | Reached skill level 5 in Invocations
  6248 | D:7      | Found a bloodstained altar of Trog.
  6774 | D:7      | Gained mutation: You passively map the area around you.
                  | [Deep Dwarf growth]
  6774 | D:7      | Reached XP level 9. HP: 68/68 MP: 6/16
  6843 | D:7      | Learned a level 5 spell: Lee's Rapid Deconstruction
  6848 | D:7      | Learned a level 4 spell: Petrify
  6868 | D:7      | Paralysed by a hornet for 2 turns
  6871 | D:7      | Reached skill level 11 in Earth Magic
  7017 | D:6      | Found a staircase to the Ecumenical Temple.
  7055 | D:6      | Reached skill level 5 in Spellcasting
  7068 | D:6      | Reached skill level 5 in Armour
  7173 | D:6      | Noticed Edmund
  7203 | D:6      | Killed Edmund
  7497 | D:6      | Reached *** piety under Elyvilon
  7586 | D:6      | Reached skill level 12 in Earth Magic
  7680 | D:6      | Got a brightly glowing quarterstaff
  7681 | D:6      | Identified the +7 quarterstaff "Ruosybur" {holy, Int+9
                  | Dex-3 SInv} (You found it on level 6 of the Dungeon)
  8077 | D:5      | Killed Pikel
  8077 | D:5      | Reached XP level 10. HP: 72/75 MP: 6/18
  8174 | D:5      | Found a deep blue altar of Sif Muna.
  8275 | D:5      | Found a basalt altar of Yredelemnul.
  8513 | D:5      | Found a burning altar of Makhleb.
  8615 | D:5      | Found a blossoming altar of Fedhas.
  8712 | D:5      | Found a runed translucent door.
  8713 | D:5      | Noticed Crazy Yiuf
  8719 | D:5      | Killed Crazy Yiuf
  9064 | D:6      | Found a runed translucent gate.
  9064 | D:6      | Found a runed translucent gate.
  9064 | D:6      | Found a runed translucent gate.
  9069 | D:6      | Noticed DroneFragger's ghost (novice DEIE)
  9254 | D:7      | Found an opulent altar of Gozag.
  9945 | D:8      | Reached skill level 13 in Earth Magic
 10027 | D:8      | Noticed an unseen horror
 10031 | D:8      | Killed an unseen horror
 10540 | D:8      | Reached **** piety under Elyvilon
 10541 | D:8      | Found a basalt altar of Yredelemnul.
 11281 | D:9      | Noticed a two-headed ogre
 11296 | D:9      | Killed a two-headed ogre
 11296 | D:9      | Reached skill level 14 in Earth Magic
 11437 | D:9      | Reached XP level 11. HP: 81/81 MP: 8/21
 11533 | D:9      | Found Melaerpha's Antique Weapon Boutique.
 11896 | D:9      | Found a snail-covered altar of Cheibriados.
 12053 | D:10     | Entered Level 10 of the Dungeon
 12531 | D:10     | Reached ***** piety under Elyvilon
 12682 | D:10     | Found a blossoming altar of Fedhas.
 13100 | D:11     | Reached skill level 1 in Shields
 13304 | D:11     | Noticed an unseen horror
 13348 | D:11     | Noticed Harold
 13357 | D:11     | Reached skill level 10 in Invocations
 13434 | D:11     | Killed Harold
 13434 | D:11     | Reached skill level 15 in Earth Magic
 13445 | D:11     | Killed an unseen horror
 13572 | D:11     | Got a spiked leather armour
 13578 | D:11     | Identified the +2 leather armour "Qankes" {Dex+2} (You
                  | found it on level 11 of the Dungeon)
 13733 | D:11     | Found a staircase to the Lair.
 14004 | Lair:1   | Entered Level 1 of the Lair of Beasts
 14286 | Lair:1   | Identified the cursed +3 demon trident of Extermination
                  | {freeze, *Slow rElec Int+9 Dex+4}
 14286 | Lair:1   | Noticed a spriggan rider
 14302 | Lair:1   | Noticed Feuhudo's ghost (journeyman GrEE)
 14302 | Lair:1   | Identified the cursed +0 scale mail "Wegreth" {rF+ rC-
                  | Regen+ rCorr}
 14549 | Lair:1   | Found a bloodstained altar of Trog.
 14557 | Lair:1   | Found a transporter.
 14641 | Lair:1   | Found a transporter.
 15271 | Lair:2   | Noticed a seven-headed hydra
 15357 | Lair:2   | Reached XP level 12. HP: 79/88 MP: 4/23
 15386 | Lair:2   | Pacified a seven-headed hydra
 15526 | Lair:2   | Noticed an eight-headed hydra
 15534 | Lair:2   | Killed an eight-headed hydra
 15534 | Lair:2   | Reached skill level 16 in Earth Magic
 16429 | Lair:2   | You fall through a shaft for 2 floors!
 16436 | Lair:4   | Noticed a five-headed hydra
 16594 | Lair:4   | Noticed an eight-headed hydra
 16603 | Lair:4   | Killed an eight-headed hydra
 16707 | Lair:4   | Killed a five-headed hydra
 16968 | Lair:4   | Reached skill level 17 in Earth Magic
 17025 | Lair:4   | Noticed a catoblepas
 17046 | Lair:4   | Pacified a catoblepas
 17856 | Lair:3   | Found an ancient bone altar of Kikubaaqudgha.
 17940 | Lair:3   | Noticed a six-headed hydra
 17945 | Lair:3   | Killed a six-headed hydra
 17945 | Lair:3   | Reached skill level 10 in Armour
 17945 | Lair:3   | Reached XP level 13. HP: 86/94 MP: 22/24
 18115 | Lair:3   | Found a staircase to the Shoals.
 18232 | Lair:3   | Identified a scroll of acquirement
 18244 | Lair:3   | Got a pair of blackened boots
 18256 | Lair:3   | Identified the +0 pair of boots of Pride {Str+5} (You
                  | acquired it on level 3 of the Lair of Beasts)
 19078 | Lair:2   | Found a runed translucent gate.
 19078 | Lair:2   | Found a runed translucent gate.
 19078 | Lair:2   | Found a runed translucent gate.
 19078 | Lair:2   | Noticed Glamhuggeren's ghost (journeyman NaFi)
 19093 | Lair:2   | Killed Glamhuggeren's ghost
 19111 | Lair:2   | Got a shimmering cloak
 19122 | Lair:2   | Identified the cursed +0 cloak "Xeqiopn" {Dex+4} (You found
                  | it on level 2 of the Lair of Beasts)
 19677 | Lair:3   | Reached skill level 18 in Earth Magic
 19821 | Lair:3   | Found a staircase to the Snake Pit.
 21113 | Lair:5   | Found a staircase to the Slime Pits.
 21408 | Lair:5   | Found a dark tunnel.
 22071 | Lair:6   | Entered Level 6 of the Lair of Beasts
 23120 | Lair:6   | Got a translucent sapphire amulet
 23121 | Lair:6   | Identified the amulet "Neumutuso" {rC+ Regen+ Str+2} (You
                  | found it on level 6 of the Lair of Beasts)
 23422 | Lair:6   | Reached skill level 19 in Earth Magic
 24371 | D:12     | Gained mutation: You resist negative energy. (rN+) [Deep
                  | Dwarf growth]
 24371 | D:12     | Reached XP level 14. HP: 91/102 MP: 19/26
 24448 | D:12     | Found Maskaot's Weapon Shop.
 24450 | D:12     | Found a staircase to the Orcish Mines.
 25650 | D:12     | Identified the +2 scale mail "Taryg" {rC+ Int+4}
 25713 | D:12     | Reached skill level 10 in Spellcasting
 25935 | D:12     | Found a sparkling altar of Nemelex Xobeh.
 26059 | D:12     | Identified the ring "Iguyse" {rN+ Str+7}
 26323 | D:12     | Learned a level 6 spell: Iron Shot
 27533 | D:13     | Got a steaming buckler
 27534 | D:13     | Identified the +0 buckler "Agiusuam" {rF+ Int+4 Dex+7} (You
                  | acquired it on level 13 of the Dungeon)
 27870 | D:13     | Reached skill level 20 in Earth Magic
 29036 | D:14     | You fall through a shaft!
 29036 | D:15     | Entered Level 15 of the Dungeon
 29044 | D:15     | Found a staircase to the Depths.
 29111 | D:15     | HP: 4/102 [efreet/fireball (15)]
 29111 | D:15     | Hit by a large rock thrown by a cyclops

Skill      XL: |  1  2  3  4  5  6  7  8  9 10 11 12 13 14 |
---------------+-------------------------------------------+-----
Spellcasting   | 2 3 4 5 6 7 8 9 10 | 10.4
Earth Magic    | 5 6 7 9 10 12 14 15 17 19 20 | 20.4
Dodging        | 3 4 |  4.0
Invocations    | 2 4 5 7 9 10 12 13 14 | 14.7
Armour         | 1 3 4 6 7 8 10 11 12 | 12.2
Shields        | 3 |  3.0
Stealth        | |  2.4
Transmutations | |  0.8

Action                   |  1- 3 |  4- 6 |  7- 9 | 10-12 | 13-15 || total
-------------------------+-------+-------+-------+-------+-------++-------
Melee: Unarmed           |    13 |       |       |       |       ||    13
       Spear             |    37 |    44 |       |       |       ||    81
       Dagger            |       |    35 |    33 |       |       ||    68
       Quarterstaff      |       |       |    14 |   120 |    97 ||   231
       War axe           |       |       |     2 |       |       ||     2
Throw: Stone             |     1 |       |       |     6 |     6 ||    13
 Cast: Sandblast         |    39 |    55 |   122 |   228 |   195 ||   639
       Stone Arrow       |    10 |    37 |    48 |   132 |   278 ||   505
       Petrify           |       |       |     1 |     9 |     9 ||    19
       Lee's Rapid Decon |       |       |       |    26 |    59 ||    85
       Passwall          |       |       |       |     1 |       ||     1
Invok: Lesser Healing    |       |    11 |    26 |    56 |    92 ||   185
       Greater Healing   |       |       |       |     5 |     3 ||     8
       Heal Other        |       |       |       |     3 |    12 ||    15
 Abil: Heal Wounds       |       |       |       |     5 |       ||     5
  Use: Scroll            |       |       |       |     2 |    33 ||    35
 Stab: Sleeping          |       |     2 |       |     1 |       ||     3
       Petrified         |       |       |       |     2 |       ||     2
  Eat: Chunk             |     4 |    15 |    11 |    41 |    39 ||   110
       Ration            |       |       |     2 |     2 |     6 ||    10
Armor: Robe              |    10 |    11 |    36 |    44 |       ||   101
       Leather armour    |       |       |       |    71 |    61 ||   132
       Scale mail        |       |       |       |       |    45 ||    45
Dodge: Dodged            |    45 |    82 |    83 |   263 |   190 ||   663
Block: Other             |       |       |       |     7 |    82 ||    89
       Reflection        |       |       |       |       |    14 ||    14
